 Dungeon Crawl Stone Soup version 0.29.1-13-g9f3cf754e1 (webtiles) character file.

Game seed: 10928694103150961782

122 Hrothgar the Sneak (level 5, -1/35 HPs)
             Began as an Octopode Brigand on Feb 2, 2023.
             Was a Follower of Trog.
             Killed from afar by Sigmund (8 damage)
             ... with a magic dart
             ... on level 2 of the Dungeon.
             The game lasted 00:05:07 (838 turns).

Hrothgar the Sneak (Octopode Brigand)                Turns: 838, Time: 00:05:07

Health: -1/35      AC:  1    Str: 12    XL:     5   Next: 6%
Magic:  5/5        EV: 13    Int: 13    God:    Trog [*.....]
Gold:   43         SH:  0    Dex: 14    Spells: 4/4 levels left

rFire   . . .      SeeInvis .   a - +2 dagger
rCold   . . .      Faith    .   (no shield)
rNeg    . . .      Spirit   .   (helmet restricted)
rPois   +          Reflect  .   (no amulet)
rElec   .          Harm     .   d - ring of poison resistance
rCorr   .          Rampage  .   (no ring)
Will    .....                   (no ring)
Stlth   ++++......              (no ring)
HPRegen 0.11/turn               (no ring)
MPRegen 0.09/turn               (no ring)
                                (no ring)
                                (no ring)

@: on berserk cooldown, slowed, very slow
A: almost no armour, amphibious, 8 rings, camouflage 1, gelatinous body 1,
(nimble swimmer 1), tentacles
a: Renounce Religion, Berserk


You were on level 2 of the Dungeon.
You worshipped Trog.
Trog was aware of your devotion.
You visited 1 branch of the dungeon, and saw 2 of its levels.

You collected 43 gold pieces.

Inventory:

Hand Weapons
 a - a +2 dagger (weapon)
Missiles
 b - 9 poisoned darts
 c - a curare-tipped dart (quivered)
Jewellery
 d - a ring of poison resistance (left tentacle)
Scrolls
 f - a scroll of amnesia


   Skills:
 * Level 2.3 Fighting
 * Level 2.4 Short Blades
 * Level 2.3 Throwing
 * Level 1.5 Dodging
 * Level 7.2 Stealth
 * Level 1.1 Unarmed Combat


You had 4 spell levels left.
You didn't know any spells.
Your spell library contained the following spells:

 Spells                   Type           Power      Damage    Failure   Level
 Apportation              Tloc           0%         N/A       30%         1


Dungeon Overview and Level Annotations

Branches:
Dungeon (2/15)

Altars:
Trog

Annotations:
D:2 Sigmund


Innate Abilities, Weirdness & Mutations

You cannot wear most types of armour.
You are amphibious.
You can wear up to eight rings at the same time.
Your skin changes colour to match your surroundings (Stealth+).
Your rubbery body absorbs attacks. (AC +1, EV +1)
((You are camouflaged when in or above water. (Stealth+)))
You have tentacles for arms and can constrict up to eight enemies at once.


Message History

You feel a bit more experienced.
You have reached level 5!
You feel agile.
Things that are here:
a +0 club; a +0 leather armour You feel a strong urge to attack something.
You are no longer berserk.
You are exhausted.
You feel yourself slow down.
Okay, then.
Throw: 3 darts (curare)
Press: ? - help, Q - select action, (/) - cycle Shift-Dir - straight line, f - Sigmund
Aim: Sigmund, wielding a +0 scythe and wearing a +0 robe (57% to hit)
You throw a curare-tipped dart. The curare-tipped dart hits Sigmund.
Sigmund is poisoned.
Sigmund convulses.
Sigmund seems to slow down.
Sigmund is moderately wounded.
Sigmund gestures at you while chanting.
You are confused.
Non-targeted confused throw: 2 darts (curare)
Press: ? - help, Q - select action, (/) - cycle Dir - look around, f - activate You throw a curare-tipped dart.
Sigmund hits you from afar with a +0 scythe!
Sigmund hits you with a +0 scythe.
You feel less confused.
Sigmund gestures wildly while chanting.
Sigmund flickers and vanishes!
Deactivating autopickup; reactivate with Ctrl-A.
You see here 8 gold pieces.
You now have 43 gold pieces (gained 8).
You hear some strange, mumbled words.
A puff of flame appears from out of thin air!
The puff of flame hits you!
Unknown command.
A puff of flame appears from out of thin air!
The puff of flame hits you.
* * * LOW HITPOINT WARNING * * *
A magic dart appears from out of thin air!
The magic dart hits you!
You die...

######### .......###
#.......####### ###
#.#..........##### #
..###)..........{...##.###
#.#.##.....@..w.........#
#)###..####.#.##..##.#.
#)# #..# #.#.....# #)#
#..####.###...# #
#.###.......# #...##.#.
#.#.##..###### #.........
..###....# #...##.#.#
###.#.#.#.########(.....o#
#...................#..#.


You could see a worm.

Vanquished Creatures
  An orc priest (D:2)
  An orc wizard (D:2)
  4 gnolls (D:2)
  An adder (D:2)
  A worm (D:2)
  2 orcs (D:2)
  3 endoplasms
  2 hobgoblins
  2 jackals (D:1)
  A frilled lizard (D:1)
  2 rats
20 creatures vanquished.

Notes
Turn   | Place    | Note
-------+----------+-------------------------------------------
     0 | D:1      | Hrothgar the Octopode Brigand began the quest for the Orb.
     0 | D:1      | Reached XP level 1. HP: 14/14 MP: 1/1
   199 | D:1      | Found a faded altar of an unknown god.
   209 | D:1      | Got Plato's Secrets of the Traveller
   212 | D:1      | Prayed at the altar of an unknown god.
   212 | D:1      | Became a worshipper of Trog the Wrathful
   212 | D:1      | Reached * piety under Trog
   402 | D:1      | Reached XP level 2. HP: 19/19 MP: 2/2
   489 | D:2      | Reached skill level 6 in Stealth
   492 | D:2      | Reached XP level 3. HP: 16/24 MP: 3/3
   504 | D:2      | Reached XP level 4. HP: 7/29 MP: 4/4
   812 | D:2      | Reached skill level 7 in Stealth
   812 | D:2      | Reached skill level 1 in Unarmed Combat
   815 | D:2      | Noticed Sigmund
   818 | D:2      | Reached XP level 5. HP: 35/35 MP: 5/5
   838 | D:2      | Killed from afar by Sigmund

Illustrated notes

Levels and vault maps discovered:
D:1:      minmay_arrival_stone_box, layout_loops_ring,
          shapermc_ecumenical_altar_rom_forum
D:2:      layout_loops_ring, nrook_campfire, dreamdust_wishing_well,
          uniq_sigmund

Skill      XL: |  1  2  3  4 |
---------------+-------------+-----
Stealth        | 6 7 |  7.2
Unarmed Combat | 1 |  1.1
Fighting       | |  2.3
Short Blades   | |  2.4
Throwing       | |  2.3
Dodging        | |  1.5

Action                   |  1- 3 |  4- 6 || total
-------------------------+-------+-------++-------
Melee: Dagger            |    18 |    10 ||    28
       Tentacles         |     3 |     3 ||     6
       Constrict         |     1 |     1 ||     2
       Punch             |       |     1 ||     1
Throw: Dart              |     1 |     9 ||    10
Invok: Berserk           |     1 |     1 ||     2
  Use: Scroll            |     4 |       ||     4
 Stab: Sleeping          |     4 |       ||     4
Dodge: Dodged            |    10 |     1 ||    11
